Workbook

Sheet DIRF
A1: Scheme Name | B1: Date | C1: Issuer | D1: Index Weight | E1: Portfolio Weight | F1: Replication Factor
A2: Zerodha Nifty 1D Rate Liquid ETF | B2: =Portfolio!$A$2 -> 46325 | C2: G-Sec / T-Bills | D2: 0 | E2: =(SUM(Portfolio!V3:V3)/Portfolio!BP2)*100 -> 0.49066103 | F2: =IF(D2<E2,D2,E2) -> 0
A3: Zerodha Nifty 1D Rate Liquid ETF | B3: =Portfolio!$A$2 -> 46325 | C3: Cash and Cash Equivalents | D3: 100 | E3: =((Portfolio!BR2+SUM(Portfolio!V2:V2))/Portfolio!BP2)*100 -> 99.509339 | F3: =IF(D3<E3,D3,E3) -> 99.509339
A4: Zerodha Nifty 1D Rate Liquid ETF | B4: =Portfolio!$A$2 -> 46325 | C4: Total | D4: =SUM(D2:D3) -> 100 | E4: =SUM(E2:E3) -> 100 | F4: =SUM(F2:F3) -> 99.509339
A5: Note- CCIL TREPS Margin kept in the form of T-Bills is part of 'G-sec/Tbills'
A7: Zerodha Nifty 8-13 Yr G-Sec ETF | B7: =Portfolio!$A$2 -> 46325 | C7: G-Sec / T-Bills | D7: 100 | E7: =(SUM(Portfolio!V7:V9)/Portfolio!BP6)*100 -> 97.529975 | F7: =IF(D7<E7,D7,E7) -> 97.529975
A8: Zerodha Nifty 8-13 Yr G-Sec ETF | B8: =Portfolio!$A$2 -> 46325 | C8: Cash and Cash Equivalents | D8: 0 | E8: =((Portfolio!BR6+SUM(Portfolio!V6:V6))/Portfolio!BP6)*100 -> 2.4700249 | F8: =IF(D8<E8,D8,E8) -> 0
A9: Zerodha Nifty 8-13 Yr G-Sec ETF | B9: =Portfolio!$A$2 -> 46325 | C9: Total | D9: =SUM(D7:D8) -> 100 | E9: =SUM(E7:E8) -> 100 | F9: =SUM(F7:F8) -> 97.529975
A10: Note- Accrued interest for coupon bearing securities is part of Cash and Cash Equivalents
A12: Zerodha Nifty Short Duration G-Sec Index Fund | B12: =Portfolio!$A$2 -> 46325 | C12: G-Sec / T-Bills | D12: 100 | E12: =(SUM(Portfolio!V13:V16)/Portfolio!BP12)*100 -> 94.189756 | F12: =IF(D12<E12,D12,E12) -> 94.189756
A13: Zerodha Nifty Short Duration G-Sec Index Fund | B13: =Portfolio!$A$2 -> 46325 | C13: Cash and Cash Equivalents | D13: 0 | E13: =((Portfolio!BR12+SUM(Portfolio!V12:V12))/Portfolio!BP12)*100 -> 5.8102443 | F13: =IF(D13<E13,D13,E13) -> 0
A14: Zerodha Nifty Short Duration G-Sec Index Fund | B14: =Portfolio!$A$2 -> 46325 | C14: Total | D14: =SUM(D12:D13) -> 100 | E14: =SUM(E12:E13) -> 100 | F14: =SUM(F12:F13) -> 94.189756
A15: Note- Accrued interest for coupon bearing securities is part of Cash and Cash Equivalents

Sheet Portfolio
A1: Nav Date | B1: Client Code | C1: Scheme Name | D1: Security Code | E1: ISIN | F1: Security Name | G1: Security Type | H1: Security Type Name | I1: Industry | J1: Basic Industry | K1: Quantity | L1: Face Value Per Unit (Rs.) | M1: Previous Market Price | N1: Current Market Price | O1: Price Difference | P1: Price Variance between Previous & Current (%) | Q1: Pr_day_Yield | R1: Yield | S1: Average Unit Cost (Rs.) | T1: Total Book Cost (Rs.) | U1: Ammortised Book Cost (Rs.) | V1: Total Market Value (Rs.) | W1: Total Face Value | X1: Unrealised Gain/(Loss) for the day | Y1: Income for the day | Z1: Cummulative Unrealised Gain/(Loss) (Rs.) | AA1: % to Net assests | AB1: % to Investment | AC1: Accrued Interest | AD1: Accretion of Premium/Discount | AE1: Price Date | AF1: Rating | AG1: Coupon Rate | AH1: Previous IP Date | AI1: Next IP Date | AJ1: Final Maturity | AK1: Residual Maturity Period (Days) | AL1: Maturity / Put / Call / Reset Option | AM1: Classification of Maturity / Put / Call / Reset Option | AN1: Listed / Unlisted | AO1: Illiquidty bps | AP1: CBV Matrix | AQ1: Issuer Name | AR1: Exchange | AS1: Rating Crisil | AT1: Rating ICRA | AU1: Yield Crisil | AV1: Yield ICRA | AW1: Price Crisil | AX1: Price ICRA | AY1: Modified Duration Crisil | AZ1: Modified Duration ICRA | BA1: Macaulay Duration Crisil | BB1: Macaulay Duration ICRA | BC1: Stock Exchange | BD1: Average Yield | BE1: Average Modified Duration | BF1: Average Macaulay Duration | BG1: Average Price | BH1: Crisil and ICRA price Variance in % | BI1: Variance between Own trade and Average Price | BJ1: Variance between Own trade and Average Price in % | BK1: Listed Country | BL1: Currency Code | BM1: Currency Description | BN1: Currency rate | BO1: Base currency | BP1: AUM | BQ1: Units | BR1: Cash & Cash Equivalent:
A2: 46325 | B2: ZLIQD | C2: Zerodha Nifty 1D Rate Liquid ETF | D2: 13978 | E2: INTRPS021126 | F2: TRPS_FV100_ 02-NOV-2026 | G2: TRP | H2: Tri Party Repo (TREPs) | K2: 1194460000 | L2: 100 | N2: 99.968739 | O2: 99.968739 | P2: 0 | Q2: 0.00% | R2: 0.00% | S2: 99.953108 | T2: 1.1938999e+11 | U2: 1.1940866e+11 | V2: 1.1940866e+11 | W2: 119446000000 | Z2: 18670989 | AA2: 0.99488836 | AB2: 0.99509238 | AC2: 0 | AD2: 18670989 | AE2: 46325 | AG2: 0 | AI2: 46328 | AJ2: 46328 | AK2: 3 | AL2: 46328 | AM2: Maturity | AN2: UNLISTED | AQ2: The Clearing Corporation of India Ltd. | BI2: 0 | BJ2: 0 | BK2: INDIA | BL2: INR | BM2: INR | BN2: 1 | BO2: INR | BP2: 1.2002217e+11 | BQ2: 1028945198 | BR2: 24607995
A3: 46325 | B3: ZLIQD | C3: Zerodha Nifty 1D Rate Liquid ETF | D3: 13348 | E3: IN002026X198 | F3: 91 Days Treasury Bill 12-Nov-2026 | G3: TBL | H3: Treasury Bills | I3: GOVERNMENT | J3: GOVERNMENT | K3: 5900000 | L3: 100 | M3: 99.8117 | N3: 99.8139 | O3: 0.0022 | P3: 2.2041504e-05 | Q3: 5.6711% | R3: 5.6711% | S3: 99.6058 | T3: 587674220 | U3: 588966320 | V3: 588902010 | W3: 590000000 | Y3: 86140 | Z3: -587738530 | AA3: 0.0049066103 | AB3: 0.0049076165 | AC3: 0 | AD3: 1292100 | AE3: 46325 | AF3: SOVEREIGN | AG3: 0 | AH3: 46246 | AI3: 46338 | AJ3: 46338 | AK3: 13 | AL3: 46338 | AM3: Maturity | AN3: LISTED | AQ3: Government of India | AS3: Sovereign | AT3: Sovereign | AU3: 5.72% | AV3: 5.6211% | AW3: 99.8123 | AX3: 99.8155 | BD3: 5.6711% | BG3: 99.8139 | BI3: 0 | BJ3: 0 | BK3: INDIA | BL3: INR | BM3: INR | BN3: 1 | BO3: INR | BP3: 1.2002217e+11 | BQ3: 1028945198 | BR3: 24607995
A5: Nav Date | B5: Client Code | C5: Scheme Name | D5: Security Code | E5: ISIN | F5: Security Name | G5: Security Type | H5: Security Type Name | I5: Industry | J5: Basic Industry | K5: Quantity | L5: Face Value Per Unit (Rs.) | M5: Previous Market Price | N5: Current Market Price | O5: Price Difference | P5: Price Variance between Previous & Current (%) | Q5: Pr_day_Yield | R5: Yield | S5: Average Unit Cost (Rs.) | T5: Total Book Cost (Rs.) | U5: Ammortised Book Cost (Rs.) | V5: Total Market Value (Rs.) | W5: Total Face Value | X5: Unrealised Gain/(Loss) for the day | Y5: Income for the day | Z5: Cummulative Unrealised Gain/(Loss) (Rs.) | AA5: % to Net assests | AB5: % to Investment | AC5: Accrued Interest | AD5: Accretion of Premium/Discount | AE5: Price Date | AF5: Rating | AG5: Coupon Rate | AH5: Previous IP Date | AI5: Next IP Date | AJ5: Final Maturity | AK5: Residual Maturity Period (Days) | AL5: Maturity / Put / Call / Reset Option | AM5: Classification of Maturity / Put / Call / Reset Option | AN5: Listed / Unlisted | AO5: Illiquidty bps | AP5: CBV Matrix | AQ5: Issuer Name | AR5: Exchange | AS5: Rating Crisil | AT5: Rating ICRA | AU5: Yield Crisil | AV5: Yield ICRA | AW5: Price Crisil | AX5: Price ICRA | AY5: Modified Duration Crisil | AZ5: Modified Duration ICRA | BA5: Macaulay Duration Crisil | BB5: Macaulay Duration ICRA | BC5: Stock Exchange | BD5: Average Yield | BE5: Average Modified Duration | BF5: Average Macaulay Duration | BG5: Average Price | BH5: Crisil and ICRA price Variance in % | BI5: Variance between Own trade and Average Price | BJ5: Variance between Own trade and Average Price in % | BK5: Listed Country | BL5: Currency Code | BM5: Currency Description | BN5: Currency rate | BO5: Base currency | BP5: AUM | BQ5: Units | BR5: Cash & Cash Equivalent:
A6: 46325 | B6: ZLTGC | C6: Zerodha Nifty 8-13 Yr G-Sec ETF | D6: 13978 | E6: INTRPS021126 | F6: TRPS_FV100_ 02-NOV-2026 | G6: TRP | H6: Tri Party Repo (TREPs) | K6: 96000 | L6: 100 | N6: 99.968552 | O6: 99.968552 | P6: 0 | Q6: 0.00% | R6: 0.00% | S6: 99.952828 | T6: 9595471.5 | U6: 9596981 | V6: 9596981 | W6: 9600000 | Z6: 1509.53 | AA6: 0.0064794893 | AB6: 0.0065997416 | AC6: 0 | AD6: 1509.53 | AE6: 46325 | AG6: 0 | AI6: 46328 | AJ6: 46328 | AK6: 3 | AL6: 46328 | AM6: Maturity | AN6: UNLISTED | AQ6: The Clearing Corporation of India Ltd. | BI6: 0 | BJ6: 0 | BK6: INDIA | BL6: INR | BM6: INR | BN6: 1 | BO6: INR | BP6: 1.4811323e+09 | BQ6: 49751094 | BR6: 26987357
A7: 46325 | B7: ZLTGC | C7: Zerodha Nifty 8-13 Yr G-Sec ETF | D7: 10443 | E7: IN0020250091 | F7: 6.48% GOI 06-Oct-2035 | G7: GSE | H7: Govt Securities / SDL | I7: GOVERNMENT | J7: GOVERNMENT | K7: 3480000 | L7: 100 | M7: 94.1201 | N7: 93.9078 | O7: -0.2123 | P7: -0.0022556287 | Q7: 7.3898% | R7: 7.424% | S7: 97.94361 | T7: 3.4084376e+08 | U7: 3.4084376e+08 | V7: 326799144 | W7: 348000000 | Y7: 0 | Z7: -14044620 | AA7: 0.22064142 | AB7: 0.22473629 | AC7: 1503360 | AD7: 0 | AE7: 46325 | AF7: SOVEREIGN | AG7: 6.48 | AH7: 46301 | AI7: 46483 | AJ7: 49588 | AK7: 3263 | AL7: 49588 | AM7: Maturity | AN7: LISTED | AQ7: Government of India | AS7: Sovereign | AT7: Sovereign | AU7: 7.424% | AV7: 7.424% | AW7: 93.9078 | AX7: 93.9078 | AY7: 6.5705826 | AZ7: 6.5705826 | BA7: 6.8144826 | BB7: 6.8144826 | BE7: 6.5705822 | BF7: 6.8144823 | BG7: 93.9078 | BI7: 0 | BJ7: 0 | BK7: INDIA | BL7: INR | BM7: INR | BN7: 1 | BO7: INR | BP7: 1.4811323e+09 | BQ7: 49751094 | BR7: 26987357
A8: 46325 | B8: ZLTGC | C8: Zerodha Nifty 8-13 Yr G-Sec ETF | D8: 7062 | E8: IN0020230077 | F8: 7.18% GOI - 24-Jul-2037 | G8: GSE | H8: Govt Securities / SDL | I8: GOVERNMENT | J8: GOVERNMENT | K8: 2500000 | L8: 100 | M8: 98.008 | N8: 98.1495 | O8: 0.1415 | P8: 0.0014437597 | Q8: 7.4506% | R8: 7.431% | S8: 99.574 | T8: 248935000 | U8: 248935000 | V8: 245373750 | W8: 250000000 | Y8: 0 | Z8: -3561250 | AA8: 0.16566633 | AB8: 0.16874091 | AC8: 4786666.7 | AD8: 0 | AE8: 46325 | AF8: SOVEREIGN | AG8: 7.18 | AH8: 46227 | AI8: 46411 | AJ8: 50245 | AK8: 3920 | AL8: 50245 | AM8: Maturity | AN8: LISTED | AQ8: Government of India | AS8: Sovereign | AT8: Sovereign | AU8: 7.431% | AV8: 7.431% | AW8: 98.1495 | AX8: 98.1495 | AY8: 7.2180372 | AZ8: 7.2180372 | BA8: 7.4862234 | BB8: 7.4862234 | BE8: 7.2180375 | BF8: 7.4862236 | BG8: 98.1495 | BI8: 0 | BJ8: 0 | BK8: INDIA | BL8: INR | BM8: INR | BN8: 1 | BO8: INR | BP8: 1.4811323e+09 | BQ8: 49751094 | BR8: 26987357
A9: 46325 | B9: ZLTGC | C9: Zerodha Nifty 8-13 Yr G-Sec ETF | D9: 12680 | E9: IN0020260025 | F9: 6.94% GOI 11-May-2036 | G9: GSE | H9: Govt Securities / SDL | I9: GOVERNMENT | J9: GOVERNMENT | K9: 9018400 | L9: 100 | M9: 96.9638 | N9: 96.7328 | O9: -0.231 | P9: -0.0023823324 | Q9: 7.3889% | R9: 7.4238% | S9: 100.00626 | T9: 9.0189648e+08 | U9: 9.0189648e+08 | V9: 8.7237508e+08 | W9: 901840000 | Y9: 294047.8 | Z9: -29521393 | AA9: 0.588992 | AB9: 0.59992305 | AC9: 29384885 | AD9: 0 | AE9: 46325 | AF9: SOVEREIGN | AG9: 6.94 | AH9: 46153 | AI9: 46337 | AJ9: 49806 | AK9: 3481 | AL9: 49806 | AM9: Maturity | AN9: LISTED | AQ9: Government of India | AS9: Sovereign | AT9: Sovereign | AU9: 7.4238% | AV9: 7.4238% | AW9: 96.7327 | AX9: 96.7328 | AY9: 6.6060928 | AZ9: 6.6060951 | BA9: 6.8513049 | BB9: 6.8513067 | BE9: 6.6060938 | BF9: 6.8513057 | BG9: 96.7328 | BI9: 0 | BJ9: 0 | BK9: INDIA | BL9: INR | BM9: INR | BN9: 1 | BO9: INR | BP9: 1.4811323e+09 | BQ9: 49751094 | BR9: 26987357
A11: Nav Date | B11: Client Code | C11: Scheme Name | D11: Security Code | E11: ISIN | F11: Security Name | G11: Security Type | H11: Security Type Name | I11: Industry | J11: Basic Industry | K11: Quantity | L11: Face Value Per Unit (Rs.) | M11: Previous Market Price | N11: Current Market Price | O11: Price Difference | P11: Price Variance between Previous & Current (%) | Q11: Pr_day_Yield | R11: Yield | S11: Average Unit Cost (Rs.) | T11: Total Book Cost (Rs.) | U11: Ammortised Book Cost (Rs.) | V11: Total Market Value (Rs.) | W11: Total Face Value | X11: Unrealised Gain/(Loss) for the day | Y11: Income for the day | Z11: Cummulative Unrealised Gain/(Loss) (Rs.) | AA11: % to Net assests | AB11: % to Investment | AC11: Accrued Interest | AD11: Accretion of Premium/Discount | AE11: Price Date | AF11: Rating | AG11: Coupon Rate | AH11: Previous IP Date | AI11: Next IP Date | AJ11: Final Maturity | AK11: Residual Maturity Period (Days) | AL11: Maturity / Put / Call / Reset Option | AM11: Classification of Maturity / Put / Call / Reset Option | AN11: Listed / Unlisted | AO11: Illiquidty bps | AP11: CBV Matrix | AQ11: Issuer Name | AR11: Exchange | AS11: Rating Crisil | AT11: Rating ICRA | AU11: Yield Crisil | AV11: Yield ICRA | AW11: Price Crisil | AX11: Price ICRA | AY11: Modified Duration Crisil | AZ11: Modified Duration ICRA | BA11: Macaulay Duration Crisil | BB11: Macaulay Duration ICRA | BC11: Stock Exchange | BD11: Average Yield | BE11: Average Modified Duration | BF11: Average Macaulay Duration | BG11: Average Price | BH11: Crisil and ICRA price Variance in % | BI11: Variance between Own trade and Average Price | BJ11: Variance between Own trade and Average Price in % | BK11: Listed Country | BL11: Currency Code | BM11: Currency Description | BN11: Currency rate | BO11: Base currency | BP11: AUM | BQ11: Units | BR11: Cash & Cash Equivalent:
A12: 46325 | B12: ZNSDG | C12: Zerodha Nifty Short Duration G-Sec Index Fund | D12: 13978 | E12: INTRPS021126 | F12: TRPS_FV100_ 02-NOV-2026 | G12: TRP | H12: Tri Party Repo (TREPs) | K12: 76000 | L12: 100 | N12: 99.968552 | O12: 99.968552 | P12: 0 | Q12: 0.00% | R12: 0.00% | S12: 99.952828 | T12: 7596414.9 | U12: 7597610 | V12: 7597610 | W12: 7600000 | Z12: 1195.04 | AA12: 0.041144578 | AB12: 0.041854338 | AC12: 0 | AD12: 1195.04 | AE12: 46325 | AG12: 0 | AI12: 46328 | AJ12: 46328 | AK12: 3 | AL12: 46328 | AM12: Maturity | AN12: UNLISTED | AQ12: The Clearing Corporation of India Ltd. | BI12: 0 | BJ12: 0 | BK12: INDIA | BL12: INR | BM12: INR | BN12: 1 | BO12: INR | BP12: 1.8465641e+08 | BQ12: 180118.14 | BR12: 3131378.4
A13: 46325 | B13: ZNSDG | C13: Zerodha Nifty Short Duration G-Sec Index Fund | D13: 6131 | E13: IN0020230010 | F13: 7.06% GOI - 10-Apr-2028 | G13: GSE | H13: Govt Securities / SDL | I13: GOVERNMENT | J13: GOVERNMENT | K13: 587900 | L13: 100 | M13: 100.4558 | N13: 100.4418 | O13: -0.014 | P13: -0.00013936478 | Q13: 6.7194% | R13: 6.7297% | S13: 101.61782 | T13: 59741118 | U13: 59741118 | V13: 59049734 | W13: 58790000 | Y13: 0 | Z13: -691384.27 | AA13: 0.31978167 | AB13: 0.32529803 | AC13: 230587.44 | AD13: 0 | AE13: 46325 | AF13: SOVEREIGN | AG13: 7.06 | AH13: 46305 | AI13: 46487 | AJ13: 46853 | AK13: 528 | AL13: 46853 | AM13: Maturity | AN13: LISTED | AQ13: Government of India | AS13: Sovereign | AT13: Sovereign | AU13: 6.7526% | AV13: 6.7068% | AW13: 100.4106 | AX13: 100.4729 | AY13: 1.3484707 | AZ13: 1.3487865 | BA13: 1.3939992 | BB13: 1.3940167 | BE13: 1.3486285 | BF13: 1.394008 | BG13: 100.4418 | BI13: 0 | BJ13: 0 | BK13: INDIA | BL13: INR | BM13: INR | BN13: 1 | BO13: INR | BP13: 1.8465641e+08 | BQ13: 180118.14 | BR13: 3131378.4
A14: 46325 | B14: ZNSDG | C14: Zerodha Nifty Short Duration G-Sec Index Fund | D14: 13134 | E14: IN0020250125 | F14: 06.03 GOVT. STOCK 2029 | G14: GSE | H14: Govt Securities / SDL | I14: GOVERNMENT | J14: GOVERNMENT | K14: 258000 | L14: 100 | M14: 98.2336 | N14: 98.2129 | O14: -0.0207 | P14: -0.0002107222 | Q14: 6.88765% | R14: 6.8979% | S14: 99.755917 | T14: 25737026 | U14: 25737026 | V14: 25338928 | W14: 25800000 | Y14: 0 | Z14: -398098.27 | AA14: 0.13722204 | AB14: 0.13958917 | AC14: 401899.5 | AD14: 0 | AE14: 46325 | AF14: SOVEREIGN | AG14: 6.03 | AH14: 46230 | AI14: 46414 | AJ14: 47145 | AK14: 820 | AL14: 47145 | AM14: Maturity | AN14: LISTED | AQ14: Government of India | AS14: Sovereign | AT14: Sovereign | AU14: 6.9326% | AV14: 6.8632% | AW14: 98.1426 | AX14: 98.2831 | AY14: 2.0275524 | AZ14: 2.0283612 | BA14: 2.0978334 | BB14: 2.0979659 | BE14: 2.0279568 | BF14: 2.0978997 | BG14: 98.2129 | BI14: 0 | BJ14: 0 | BK14: INDIA | BL14: INR | BM14: INR | BN14: 1 | BO14: INR | BP14: 1.8465641e+08 | BQ14: 180118.14 | BR14: 3131378.4
A15: 46325 | B15: ZNSDG | C15: Zerodha Nifty Short Duration G-Sec Index Fund | D15: 474 | E15: IN0020180454 | F15: 7.26% GOI 14-Jan-2029 | G15: GSE | H15: Govt Securities / SDL | I15: Government Securities | J15: Government Securities | K15: 60000 | L15: 100 | M15: 100.5535 | N15: 100.4191 | O15: -0.1344 | P15: -0.0013366019 | Q15: 6.9774% | R15: 7.0439% | S15: 101.2 | T15: 6072000 | U15: 6072000 | V15: 6025146 | W15: 6000000 | Y15: 0 | Z15: -46854 | AA15: 0.032628957 | AB15: 0.03319182 | AC15: 128260 | AD15: 0 | AE15: 46325 | AF15: SOVEREIGN | AG15: 7.26 | AH15: 46217 | AI15: 46401 | AJ15: 47132 | AK15: 807 | AL15: 47132 | AM15: Maturity | AN15: LISTED | AQ15: Government of India | AS15: Sovereign | AT15: Sovereign | AU15: 7.06% | AV15: 7.0279% | AW15: 100.3867 | AX15: 100.4515 | AY15: 1.967431 | AZ15: 1.9678041 | BA15: 2.0368813 | BB15: 2.0369518 | BE15: 1.9676176 | BF15: 2.0369165 | BG15: 100.4191 | BI15: 0 | BJ15: 0 | BK15: INDIA | BL15: INR | BM15: INR | BN15: 1 | BO15: INR | BP15: 1.8465641e+08 | BQ15: 180118.14 | BR15: 3131378.4
A16: 46325 | B16: ZNSDG | C16: Zerodha Nifty Short Duration G-Sec Index Fund | D16: 7596 | E16: IN0020240050 | F16: 7.04% GOI - 03-Jun-2029 | G16: GSE | H16: Govt Securities / SDL | I16: GOVERNMENT | J16: GOVERNMENT | K16: 835000 | L16: 100 | M16: 100.0707 | N16: 100.0163 | O16: -0.0544 | P16: -0.00054361566 | Q16: 7.0058% | R16: 7.0291% | S16: 101.99677 | T16: 85167300 | U16: 85167300 | V16: 83513610 | W16: 83500000 | Y16: 0 | Z16: -1653689.5 | AA16: 0.45226489 | AB16: 0.46006664 | AC16: 2400346.7 | AD16: 0 | AE16: 46325 | AF16: SOVEREIGN | AG16: 7.04 | AH16: 46176 | AI16: 46359 | AJ16: 47272 | AK16: 947 | AL16: 47272 | AM16: Maturity | AN16: LISTED | AQ16: Government of India | AS16: Sovereign | AT16: Sovereign | AU16: 7.0311% | AV16: 7.0271% | AW16: 100.0116 | AX16: 100.021 | AY16: 2.2682086 | AZ16: 2.2682671 | BA16: 2.3479486 | BB16: 2.3479638 | BE16: 2.2682379 | BF16: 2.3479562 | BG16: 100.0163 | BI16: 0 | BJ16: 0 | BK16: INDIA | BL16: INR | BM16: INR | BN16: 1 | BO16: INR | BP16: 1.8465641e+08 | BQ16: 180118.14 | BR16: 3131378.4
